[ AOE2 MATCH · #495806314 ]
UnrankedBengalis vs Koreans
Player's team · WIN
Rival team · LOSS
[ REPLAY ANALYSIS · EXTRACTED FROM THE RECORDED GAME ]
Feudal
9:49
Castle
14:35
Imperial
36:13
| APM avg | 34.2 |
| APM peak | 88 |
| eAPM avg | 17.6 |
| Villagers / military | 60 / 55 |
Focus
⚔️ 32.8% · 🌾 67.2%
Monk ×32 · Ratha (Ranged) ×9 · Fishing Ship ×7 · Unknown (2626) ×7 · Armored Elephant ×4 · Trebuchet (Packed) ×4
Feudal
9:29
Castle
17:10
Imperial
—
| APM avg | 57.3 |
| APM peak | 145 |
| eAPM avg | 35.4 |
| Villagers / military | 75 / 55 |
Focus
⚔️ 56.7% · 🌾 43.3%
Scout Cavalry ×41 · Fishing Ship ×29 · Unknown (2626) ×8 · War Wagon ×4 · Battering Ram ×4 · Iron Pagoda ×3
Match map
Initial resources + every placement click. Lines = walls · curves = elevation contours. ◆ gold · ⬟ stone · ● berries · ✦ relic · ◌ wall gap
Your base· Open — 13t gap
LE | Dia franptom's base· Open — unwalled flank
Smoothed initial terrain · ◌ = detected wall gap · hover for details
Inputs per minute
— gummi [Coleman] - - LE | Dia franptom
Build order — gummi [Coleman]
First 150 of 196 actions detected
| 0:00 | Queue | Villager (Male) |
| 0:00 | Queue | Villager (Male) |
| 0:01 | Queue | Villager (Male) |
| 0:02 | Build | House |
| 0:03 | Build | House |
| 0:23 | Queue | Villager (Male) |
| 1:24 | Queue | Villager (Male) |
| 1:56 | Build | Lumber Camp |
| 2:02 | Queue | Villager (Male) |
| 2:24 | Queue | Villager (Male) |
| 2:47 | Queue | Villager (Male) |
| 2:59 | Build | House |
| 3:00 | Build | House |
| 3:13 | Queue | Villager (Male) |
| 3:40 | Queue | Villager (Male) |
| 4:01 | Queue | Villager (Male) |
| 4:07 | Build | Palisade Wall |
| 4:08 | Build | Palisade Wall |
| 4:27 | Build | Palisade Wall |
| 4:28 | Build | Palisade Wall |
| 4:31 | Queue | Villager (Male) |
| 4:42 | Build | Dock |
| 4:45 | Queue | Villager (Male) |
| 4:48 | Build | Palisade Wall |
| 4:54 | Build | Palisade Wall |
| 5:24 | Queue | Fishing Ship |
| 5:27 | Queue | Villager (Male) |
| 5:40 | Queue | Villager (Male) |
| 5:56 | Queue | Fishing Ship |
| 6:16 | Queue | Villager (Male) |
| 6:32 | Queue | Villager (Male) |
| 6:33 | Queue | Villager (Male) |
| 6:34 | Research | Loom |
| 6:46 | Build | Mining Camp |
| 7:22 | Queue | Fishing Ship |
| 7:39 | Research | Feudal Age |
| 8:23 | Build | Mill |
| 8:49 | Build | House |
| 9:37 | Build | Palisade Wall |
| 9:41 | Build | Palisade Wall |
| 9:44 | Build | Palisade Wall |
| 9:49 | Age | Feudal Age |
| 9:56 | Queue | Villager (Male) |
| 10:08 | Build | Market |
| 10:10 | Queue | Villager (Male) |
| 10:15 | Build | House |
| 10:43 | Queue | Villager (Male) |
| 11:06 | Queue | Villager (Male) |
| 11:16 | Build | Blacksmith |
| 11:55 | Research | Castle Age |
| 12:32 | Research | Double-Bit Axe |
| 13:11 | Build | House |
| 13:12 | Build | House |
| 13:26 | Build | House |
| 14:01 | Queue | Unit 2626 |
| 14:07 | Build | House |
| 14:13 | Queue | Villager (Male) |
| 14:35 | Age | Castle Age |
| 14:39 | Build | Monastery |
| 14:44 | Build | Monastery |
| 15:15 | Build | Monastery |
| 15:19 | Queue | Villager (Male) |
| 15:24 | Queue | Villager (Male) |
| 15:33 | Queue | Monk |
| 15:33 | Queue | Monk |
| 15:36 | Queue | Villager (Male) |
| 16:08 | Queue | Villager (Male) |
| 16:11 | Queue | Monk |
| 16:11 | Queue | Monk |
| 16:14 | Build | Siege Workshop |
| 16:16 | Queue | Villager (Male) |
| 16:19 | Build | Farm |
| 16:37 | Queue | Unit 2626 |
| 16:42 | Queue | Monk |
| 16:54 | Queue | Armored Elephant |
| 17:24 | Build | Mining Camp |
| 17:37 | Queue | Mangonel |
| 17:48 | Research | Redemption |
| 18:22 | Queue | Mangonel |
| 18:22 | Queue | Villager (Male) |
| 19:21 | Queue | Mangonel |
| 19:22 | Research | Sanctity |
| 19:27 | Queue | Villager (Male) |
| 19:44 | Queue | Villager (Male) |
| 19:48 | Queue | Unit 2626 |
| 20:01 | Queue | Villager (Male) |
| 20:12 | Research | Fervor |
| 20:17 | Queue | Villager (Male) |
| 20:21 | Build | House |
| 20:22 | Build | House |
| 20:23 | Build | House |
| 21:14 | Queue | Monk |
| 21:14 | Queue | Monk |
| 21:14 | Queue | Monk |
| 21:21 | Queue | Villager (Male) |
| 21:24 | Build | Farm |
| 21:24 | Build | Farm |
| 21:24 | Build | Farm |
| 21:24 | Build | Farm |
| 21:28 | Build | Mining Camp |
| 21:33 | Queue | Demolition Raft |
| 21:33 | Queue | Demolition Raft |
| 21:54 | Queue | Monk |
| 24:23 | Queue | Monk |
| 24:23 | Queue | Monk |
| 24:23 | Queue | Monk |
| 24:24 | Queue | Monk |
| 25:06 | Queue | Monk |
| 25:06 | Queue | Monk |
| 25:06 | Queue | Villager (Male) |
| 25:41 | Queue | Villager (Male) |
| 25:58 | Queue | Villager (Male) |
| 26:05 | Queue | Villager (Male) |
| 26:11 | Queue | Villager (Male) |
| 26:16 | Build | Town Center |
| 26:27 | Queue | Villager (Male) |
| 26:38 | Build | Castle |
| 26:40 | Build | Mining Camp |
| 26:40 | Queue | Villager (Male) |
| 26:48 | Build | Castle |
| 26:49 | Queue | Villager (Male) |
| 26:57 | Queue | Villager (Male) |
| 27:01 | Build | Farm |
| 27:09 | Build | Lumber Camp |
| 27:09 | Queue | Villager (Male) |
| 27:27 | Queue | Demolition Raft |
| 27:30 | Queue | Villager (Male) |
| 27:41 | Queue | Monk |
| 28:05 | Queue | Monk |
| 28:06 | Queue | Monk |
| 28:06 | Queue | Monk |
| 28:06 | Queue | Monk |
| 28:10 | Queue | Villager (Male) |
| 28:12 | Queue | Villager (Male) |
| 28:32 | Queue | Monk |
| 28:32 | Queue | Villager (Male) |
| 28:51 | Queue | Unit 2626 |
| 28:51 | Queue | Unit 2626 |
| 28:52 | Queue | Villager (Male) |
| 30:08 | Build | Dock |
| 30:22 | Queue | Villager (Male) |
| 30:24 | Queue | Ratha (Ranged) |
| 30:24 | Queue | Ratha (Ranged) |
| 30:24 | Queue | Ratha (Ranged) |
| 30:25 | Queue | Ratha (Ranged) |
| 30:41 | Queue | Fishing Ship |
| 30:41 | Queue | Fishing Ship |
| 30:59 | Queue | Monk |
| 31:00 | Queue | Monk |
| 31:27 | Queue | Armored Elephant |
Build order — LE | Dia franptom
First 150 of 242 actions detected
| 0:01 | Queue | Villager (Male) |
| 0:01 | Queue | Villager (Male) |
| 0:05 | Build | House |
| 0:09 | Queue | Villager (Male) |
| 0:09 | Queue | Villager (Male) |
| 1:23 | Queue | Villager (Male) |
| 1:39 | Queue | Villager (Male) |
| 1:40 | Queue | Villager (Male) |
| 1:47 | Build | House |
| 2:10 | Queue | Villager (Male) |
| 2:10 | Queue | Villager (Male) |
| 2:24 | Build | Lumber Camp |
| 2:27 | Queue | Villager (Male) |
| 2:28 | Queue | Villager (Male) |
| 2:28 | Queue | Villager (Male) |
| 2:55 | Queue | Villager (Male) |
| 2:55 | Queue | Villager (Male) |
| 2:56 | Queue | Villager (Male) |
| 3:00 | Build | House |
| 3:18 | Queue | Villager (Male) |
| 3:48 | Queue | Villager (Male) |
| 3:49 | Queue | Villager (Male) |
| 3:49 | Queue | Villager (Male) |
| 4:11 | Queue | Villager (Male) |
| 4:11 | Queue | Villager (Male) |
| 4:12 | Queue | Villager (Male) |
| 4:27 | Build | Dock |
| 4:35 | Queue | Villager (Male) |
| 4:35 | Queue | Villager (Male) |
| 4:58 | Queue | Villager (Male) |
| 4:58 | Queue | Villager (Male) |
| 5:06 | Build | House |
| 5:25 | Queue | Villager (Male) |
| 5:28 | Queue | Fishing Ship |
| 5:41 | Queue | Villager (Male) |
| 5:45 | Research | Loom |
| 6:08 | Queue | Fishing Ship |
| 7:19 | Research | Feudal Age |
| 7:19 | Research | Feudal Age |
| 7:19 | Research | Feudal Age |
| 7:33 | Build | House |
| 7:37 | Build | House |
| 7:40 | Build | Palisade Wall |
| 8:11 | Build | Mining Camp |
| 8:51 | Build | Palisade Wall |
| 9:01 | Queue | Fishing Ship |
| 9:07 | Queue | Villager (Male) |
| 9:28 | Queue | Fishing Ship |
| 9:29 | Age | Feudal Age |
| 9:29 | Queue | Villager (Male) |
| 9:47 | Research | Double-Bit Axe |
| 9:50 | Queue | Fishing Ship |
| 10:05 | Queue | Villager (Male) |
| 10:10 | Build | Mill |
| 10:17 | Queue | Villager (Male) |
| 10:22 | Queue | Villager (Male) |
| 10:36 | Queue | Fishing Ship |
| 10:37 | Queue | Villager (Male) |
| 10:50 | Build | Market |
| 11:28 | Build | Dock |
| 11:48 | Queue | Villager (Male) |
| 11:58 | Queue | Fishing Ship |
| 12:01 | Queue | Villager (Male) |
| 12:12 | Queue | Unit 2626 |
| 12:25 | Queue | Villager (Male) |
| 12:27 | Queue | Fire Galley |
| 12:39 | Queue | Villager (Male) |
| 12:58 | Build | House |
| 13:01 | Build | House |
| 13:18 | Build | Blacksmith |
| 13:22 | Build | House |
| 13:50 | Queue | Unit 2626 |
| 14:30 | Research | Castle Age |
| 14:31 | Research | Castle Age |
| 14:31 | Research | Castle Age |
| 14:46 | Build | Outpost |
| 14:51 | Build | Mining Camp |
| 15:08 | Queue | Unit 2626 |
| 15:34 | Research | Stone Mining |
| 15:38 | Queue | Fishing Ship |
| 16:03 | Queue | Unit 2626 |
| 16:16 | Research | Horse Collar |
| 16:21 | Build | House |
| 16:22 | Build | House |
| 16:23 | Build | House |
| 16:37 | Queue | Unit 2626 |
| 17:03 | Build | House |
| 17:04 | Build | House |
| 17:10 | Age | Castle Age |
| 17:12 | Queue | Villager (Male) |
| 17:22 | Build | Town Center |
| 17:34 | Queue | Villager (Male) |
| 17:37 | Research | Town Watch |
| 17:37 | Research | Wheelbarrow |
| 18:23 | Build | Castle |
| 18:25 | Queue | Villager (Male) |
| 18:25 | Queue | Villager (Male) |
| 18:36 | Build | Barracks |
| 18:42 | Queue | Unit 2626 |
| 18:45 | Queue | Villager (Male) |
| 18:45 | Queue | Villager (Male) |
| 19:19 | Queue | Villager (Male) |
| 19:29 | Build | Stable |
| 19:35 | Queue | Unit 2626 |
| 19:44 | Queue | Villager (Male) |
| 19:44 | Queue | Villager (Male) |
| 20:11 | Research | Light Cavalry (upgrade) |
| 20:15 | Queue | Fishing Ship |
| 20:15 | Queue | Fishing Ship |
| 20:15 | Queue | Fishing Ship |
| 20:32 | Queue | Villager (Male) |
| 20:32 | Queue | Villager (Male) |
| 20:43 | Queue | Scout Cavalry |
| 20:57 | Build | Watch Tower |
| 21:12 | Queue | Fishing Ship |
| 21:15 | Queue | Villager (Male) |
| 21:15 | Queue | Villager (Male) |
| 21:21 | Build | Watch Tower |
| 22:05 | Queue | Scout Cavalry |
| 22:05 | Queue | Scout Cavalry |
| 22:15 | Build | House |
| 22:21 | Queue | Scout Cavalry |
| 22:21 | Queue | Scout Cavalry |
| 22:39 | Build | Watch Tower |
| 23:27 | Queue | Scout Cavalry |
| 23:27 | Queue | Scout Cavalry |
| 23:27 | Queue | Scout Cavalry |
| 23:45 | Queue | Scout Cavalry |
| 23:46 | Queue | Scout Cavalry |
| 23:47 | Build | Palisade Wall |
| 23:54 | Build | Town Center |
| 24:06 | Queue | War Wagon |
| 25:26 | Queue | Villager (Male) |
| 25:26 | Queue | Villager (Male) |
| 25:26 | Queue | Villager (Male) |
| 25:31 | Queue | Fishing Ship |
| 25:35 | Build | Outpost |
| 25:55 | Queue | Scout Cavalry |
| 26:34 | Build | Dock |
| 26:38 | Queue | Villager (Male) |
| 26:43 | Queue | Scout Cavalry |
| 26:51 | Build | Town Center |
| 26:54 | Queue | Villager (Male) |
| 27:00 | Queue | Fishing Ship |
| 27:00 | Queue | Fishing Ship |
| 27:06 | Queue | Galley |
| 27:10 | Build | Outpost |
| 27:43 | Queue | Scout Cavalry |
| 27:44 | Queue | Scout Cavalry |
| 28:01 | Queue | Villager (Male) |
Match timeline
| 4:07 | gummi [Coleman] · wall_segment Palisade Wall x1 |
| 4:08 | gummi [Coleman] · wall_segment Palisade Wall x1 |
| 4:27 | LE | Dia franptom · first_building Dock |
| 4:27 | gummi [Coleman] · wall_segment Palisade Wall x1 |
| 4:28 | gummi [Coleman] · wall_segment Palisade Wall x1 |
| 4:42 | gummi [Coleman] · first_building Dock |
| 4:48 | gummi [Coleman] · wall_segment Palisade Wall x1 |
| 4:54 | gummi [Coleman] · wall_segment Palisade Wall x1 |
| 7:40 | LE | Dia franptom · wall_segment Palisade Wall x1 |
| 8:51 | LE | Dia franptom · wall_segment Palisade Wall x1 |
| 9:29 | LE | Dia franptom · age_up feudal |
| 9:37 | gummi [Coleman] · wall_segment Palisade Wall x1 |
| 9:41 | gummi [Coleman] · wall_segment Palisade Wall x1 |
| 9:44 | gummi [Coleman] · wall_segment Palisade Wall x1 |
| 9:49 | gummi [Coleman] · age_up feudal |
| 11:54 | gummi [Coleman] · first_market_buy 100 food |
| 11:54 | gummi [Coleman] · first_market_sell 100 wood |
| 14:35 | gummi [Coleman] · age_up castle |
| 14:39 | gummi [Coleman] · first_building Monastery |
| 16:14 | gummi [Coleman] · first_building Siege Workshop |
| 17:10 | LE | Dia franptom · age_up castle |
| 17:17 | LE | Dia franptom · first_market_buy 100 wood |
| 18:23 | LE | Dia franptom · first_building Castle |
| 18:36 | LE | Dia franptom · first_building Barracks |
| 19:29 | LE | Dia franptom · first_building Stable |
| 23:47 | LE | Dia franptom · wall_segment Palisade Wall x1 |
| 26:38 | gummi [Coleman] · first_building Castle |
| 30:15 | LE | Dia franptom · first_building Siege Workshop |
| 34:17 | LE | Dia franptom · first_market_sell 100 wood |
| 36:13 | gummi [Coleman] · age_up imperial |
| 40:21 | LE | Dia franptom · resign |
[ AI ANALYSIS · 1 CREDIT ]
What really happened in this match?
Wolo.gg analyzes every decision: build order, eco, micro, common mistakes by bracket. Personalized analysis on WhatsApp or Discord in 30 seconds.
Civ guide
Bengalis
Perfil
Jugador #260749